cohdb
Replays
Latest Replays
All Replays
Popular Replays
Top Player Replays
Match Explorer
How It Works
Community
CoH3 Stats
Reddit
Sign in to upload your games and track your stats! →
Sign in with Steam
Match 41709031
Unlisted
Match 41709031
Overview
Messages
Build Orders
End
Construct Section Command Post
Selects Canadian Shock Battlegroup
Infantry Section
Infantry Section
Vickers Machine Gun Team
Selects Attacking Spirit
Selects Canadian Shock Section
Canadian Shock Section
Construct Field Infirmary
Canadian Shock Section
Construct Platoon Command Post
Selects Smoke Operation
Selects Incendiary Munitions
Humber Armored Car
6-pounder Anti-tank Gun Team
Smoke Operation
6-pounder Anti-tank Gun Team
سَۨفُـيٰانۨوٰس
mohamedkerdaoui
R4md4c
Captain Frye
0
0
Comments
sign in to comment!
No comments posted yet!